 Dungeon Crawl Stone Soup version 0.31-a0-473-g61b50ae490 (webtiles) character file.

Game seed: 521584352975646995

1732 lessens the Cleaver (level 8, 0/58 HPs)
             Began as a Demonspawn Fighter on Aug 5, 2023.
             Was a Believer of Nemelex Xobeh.
             Succumbed to a gnoll's poison
             ... on level 7 of the Dungeon on Aug 6, 2023.
             The game lasted 00:08:57 (6403 turns).

lessens the Cleaver (Demonspawn Fighter)            Turns: 6403, Time: 00:08:57

Health: 0/58       AC: 19    Str: 19    XL:     8   Next: 76%
Magic:  13/13      EV:  9    Int:  9    God:    Nemelex Xobeh [**....]
Gold:   387        SH:  8    Dex: 13    Spells: 7/7 levels left

rFire   . . .        a - +0 war axe
rCold   . . .        c - +0 buckler
rNeg    . . .        b - +0 scale mail
rPois   .            p - +0 helmet
rElec   .            (no cloak)
rCorr   .            E - +0 pair of gloves
SInv    +            z - +0 pair of boots
Will    .....        (no amulet) Stlth
                     f - ring of see invisible
HPRegen 0.29/turn    C - +4 ring of protection
MPRegen 0.13/turn

%: no passive effects
@: brilliant, lethally poisoned (0 -> -21), hasted, very quick
A: icemail 1, sharp scales 1, condensation shield
a: Renounce Religion, Draw Escape, Draw Destruction, Draw Summoning


You were on level 7 of the Dungeon.
You worshipped Nemelex Xobeh.
Nemelex Xobeh was pleased with you.
You visited 1 branch of the dungeon, and saw 7 of its levels.

You collected 387 gold pieces.

Inventory:

Hand Weapons
 a - a +0 war axe (weapon)
Missiles
 g - 51 stones
 m - 4 poisoned darts (quivered)
 A - 3 boomerangs
Armour
 b - a +0 scale mail (worn)
 c - a +0 buckler (worn)
 p - a +0 helmet (worn)
 z - a +0 pair of boots (worn)
 E - a +0 pair of gloves (worn)
Jewellery
 f - a ring of see invisible (left hand)
 C - a +4 ring of protection (right hand)
Wands
 w - a wand of mindburst (10)
 x - a wand of roots (18)
Scrolls
 i - 6 scrolls of fear {unknown}
 k - 4 scrolls of identify {unknown}
 o - 2 scrolls of revelation {unknown}
 q - a scroll of enchant weapon {unknown}
 r - 4 scrolls of amnesia {unknown}
 s - 2 scrolls of enchant armour {unknown}
 t - 2 scrolls of vulnerability {unknown}
 u - a scroll of summoning {unknown}
 y - a scroll of poison {unknown}
 B - a scroll of noise {unknown}
 D - a scroll of blinking {unknown}
Potions
 d - a potion of curing {unknown}
 h - 2 potions of attraction
 j - a potion of cancellation
 n - 3 potions of lignification
 v - a potion of haste


   Skills:
 - Level 3.0 Fighting
 * Level 9.3 Axes
 - Level 2.6 Armour
 - Level 2.6 Shields
 + Level 6.9 Invocations


You had 7 spell levels left.
You didn't know any spells.
Your spell library contained the following spells:

 Spells                   Type           Power      Damage    Failure   Level
 Ensorcelled Hibernation  Hex/Ice        0%         N/A       93%         2
 Sublimation of Blood     Necr           0%         N/A       93%         2
 Wereblood                Tmut           0%         N/A       93%         2
 Ozocubu's Armour         Ice            0%         N/A       99%         3
 Anguish                  Hex/Necr       0%         N/A       100%        4
 Passage of Golubria      Tloc           0%         N/A       100%        4
 Silence                  Hex/Air        0%         N/A       100%        5
 Ozocubu's Refrigeration  Ice            0%         4d7       100%        7
 Summon Hydra             Summ           0%         N/A       100%        7
 Lehudib's Crystal Spear  Conj/Erth      0%         10d2      100%        8


Dungeon Overview and Level Annotations

Branches:
Dungeon (7/15) Zot: 26681  Temple (0/1) D:5

Altars:
Fedhas
Hepliaklqana
Makhleb
Nemelex Xobeh
Vehumet
Xom

Shops:
D:4 (   D:5 *

Annotations:
D:1 1 transporter
D:4 exclusion: 3 doors


Innate Abilities, Weirdness & Mutations

A meltable icy envelope protects you from harm. (AC +4)
You are partially covered in razor-sharp scales. (AC +1, Slay +1)
A meltable shield of frost defends you. (SH +4)


Message History

You feel very sick.
A gnoll comes into view. It is wielding a +0 halberd.
You feel very sick.
The gnoll shouts!
The gnoll hits you but does no damage.
The gnoll zaps a wand.
You suddenly lose the ability to move!
You feel very sick.
A gnoll comes into view. It is wielding a +0 club.
The gnoll hits you but does no damage.
The gnoll hits you with a +0 halberd of venom.
You feel sick.
The gnoll shouts!
The gnoll hits you with a +0 spear! The gnoll barely misses you.
You feel sick. The gnoll hits you but does no damage.
You are more poisoned.
The gnoll hits you but does no damage.
You feel very sick. The gnoll hits you but does no damage.
The gnoll hits you with a +0 halberd of venom.
* * * LOW HITPOINT WARNING * * *
You are lethally poisoned!
The gnoll hits you but does no damage.
You can move again.
Unknown command.
Unknown command.
Unknown command.
It was a potion of haste.
You feel yourself speed up.
* * * LOW HITPOINT WARNING * * *
You feel very sick. The gnoll hits you but does no damage.
The gnoll barely misses you. The gnoll hits you but does no damage.
You are more poisoned.
It was a potion of magic.
Magic courses through your body.
* * * LOW HITPOINT WARNING * * *
You feel very sick.
You block the gnoll's attack. x2; The gnoll hits you but does no damage.
It was a potion of brilliance.
You feel clever all of a sudden.
You die...
Your body glows with a rainbow of weird colours and disappears.

..# #.. ..# .. ...
####.# .P. #..gg ..♣.
#.#g# ..P.P ##.#@#♣....
##..g.#..♣ ##......#
#......################
#......................
#.........###.#.#..<...
#.........# #...)...###
#.........# ##.####...#
##....##### #.######.#


You could see 4 gnolls.

Vanquished Creatures
  Grinder (D:3)
  Eustachio (D:5)
  2 steam dragons
  2 water moccasins (D:5)
  A sky beast (D:6)
  A black bear (D:7)
  A centaur (D:7)
  A bullfrog (D:6)
  2 scorpions
  2 hounds
  3 orc priests (D:5)
  A sleepcap (D:5)
  Ijyb (D:5)
  3 orc wizards
  4 gnolls
  6 adders
  2 shadow imps
  An ufetubus (D:6)
  2 worms
  3 dart slugs
  14 orcs
  8 endoplasms
  3 giant cockroaches
  5 hobgoblins
  4 kobolds
  A quokka (D:1)
  6 ball pythons
  10 bats
  A frilled lizard (D:2)
  3 goblins
  5 rats
100 creatures vanquished.

Vanquished Creatures (others)
  An orc priest (D:7)
  A shadow imp (D:7)
  An orc (D:7)
3 creatures vanquished.

Grand Total: 103 creatures vanquished

Notes
Turn   | Place    | Note
-------+----------+-------------------------------------------
     0 | D:1      | lessens the Demonspawn Fighter began the quest for the Orb.
     0 | D:1      | Reached XP level 1. HP: 18/18 MP: 1/1
    59 | D:1      | Reached skill level 2 in Axes
   152 | D:1      | Gained mutation: A meltable shield of frost defends you.
                  | (SH +4) [demonic ancestry]
   152 | D:1      | Reached XP level 2. HP: 24/24 MP: 2/2
   315 | D:1      | Reached skill level 3 in Axes
   824 | D:2      | Reached XP level 3. HP: 29/29 MP: 3/3
  1598 | D:2      | Found a faded altar of an unknown god.
  2028 | D:3      | Reached XP level 4. HP: 35/35 MP: 4/4
  2058 | D:3      | Reached skill level 4 in Axes
  2101 | D:3      | Noticed Grinder
  2102 | D:3      | Paralysed by Grinder for 3 turns
  2112 | D:3      | Upgraded the game from 0.31-a0-460-g9e667d4245 to
                  | 0.31-a0-473-g61b50ae490
  2148 | D:3      | Paralysed by Grinder for 2 turns
  2157 | D:3      | Paralysed by Grinder for 5 turns
  2163 | D:3      | Paralysed by Grinder for 4 turns
  2170 | D:3      | Paralysed by Grinder for 3 turns
  2180 | D:3      | Killed Grinder
  2181 | D:3      | Reached skill level 5 in Axes
  2181 | D:3      | Gained mutation: You are partially covered in razor-sharp
                  | scales. (AC +1, Slay +1) [demonic ancestry]
  2181 | D:3      | Reached XP level 5. HP: 11/41 MP: 5/5
  2181 | D:3      | Reached XP level 6. HP: 13/47 MP: 6/6
  2684 | D:4      | Found a sparkling altar of Nemelex Xobeh.
  2730 | D:4      | Became a worshipper of Nemelex Xobeh the Trickster
  2980 | D:4      | Found Fiteid Tusu's Antique Weapon Boutique.
  3082 | D:4      | Identified the +0 war axe "Grim" {freeze, Stlth+}
  3200 | D:4      | Found a blossoming altar of Fedhas.
  3285 | D:4      | Noticed an ice beast
  3478 | D:4      | Reached skill level 6 in Axes
  3570 | D:5      | Entered Level 5 of the Dungeon
  3635 | D:5      | Reached * piety under Nemelex Xobeh
  3668 | D:5      | Found a staircase to the Ecumenical Temple.
  3695 | D:5      | Received a gift from Nemelex Xobeh
  3729 | D:5      | Noticed Eustachio
  3901 | D:5      | Found Kaagoi's Serpentskin Sales.
  3901 | D:5      | Noticed a water moccasin
  3901 | D:5      | Noticed a water moccasin
  3919 | D:5      | Killed a water moccasin
  3926 | D:5      | Killed a water moccasin
  3927 | D:5      | Gained mutation: A meltable icy envelope protects you from
                  | harm. (AC +4) [demonic ancestry]
  3927 | D:5      | Reached XP level 7. HP: 28/52 MP: 6/9
  4093 | D:5      | Reached skill level 7 in Axes
  4255 | D:5      | Noticed a steam dragon
  4633 | D:5      | Killed Eustachio
  4743 | D:5      | Received a gift from Nemelex Xobeh
  4928 | D:5      | Found a hazy altar of Hepliaklqana.
  5087 | D:5      | Noticed Ijyb
  5090 | D:5      | Killed Ijyb
  5266 | D:6      | Noticed a steam dragon
  5272 | D:6      | Killed a steam dragon
  5273 | D:6      | Reached skill level 8 in Axes
  5273 | D:6      | Reached skill level 5 in Invocations
  5273 | D:6      | Reached XP level 8. HP: 31/58 MP: 11/11
  5648 | D:6      | Reached ** piety under Nemelex Xobeh
  6164 | D:7      | Reached skill level 9 in Axes
  6261 | D:7      | Received a gift from Nemelex Xobeh
  6292 | D:7      | Found a shimmering altar of Xom.
  6294 | D:7      | Found a shimmering altar of Xom.
  6294 | D:7      | Found a radiant altar of Vehumet.
  6313 | D:7      | Found a radiant altar of Vehumet.
  6313 | D:7      | Found a burning altar of Makhleb.
  6386 | D:7      | Paralysed by a gnoll for 2 turns
  6390 | D:7      | Paralysed by a gnoll for 4 turns
  6396 | D:7      | Paralysed by a gnoll for 5 turns
  6403 | D:7      | Succumbed to a gnoll's poison

Illustrated notes

Levels and vault maps discovered:
D:1:      spicycebolla_arrival_risky_transporter, layout_loops_cross,
          minivault_11
D:2:      layout_basic, shapermc_ecumenical_altar_mp_vishouse,
          minmay_hedge_maze, minmay_tromino_v4_b
D:3:      layout_rooms, minmay_misc_feat_ornament, uniq_grinder
D:4:      layout_gridville, overflow_temple_1_default, fedhas_ov_isle_minmay,
          dreamdust_wishing_well, nicolae_inconvenience_store
D:5:      layout_loops_corners, lemuel_tele_altar, temple_pool_b,
          guppyfry_shop_venom, uniq_ijyb, uniq_eustachio
D:6:      layout_loops_cross, grunt_ministairs_1
D:7:      minmay_the_grid_triangle_9x9_rhombus_full
          [minmay_the_grid_triangle_9x9_stretched_checkered,
          minmay_the_grid_triangle_9x9_descending_squares,
          minmay_the_grid_triangle_9x9_shrine,
          minmay_the_grid_triangle_9x9_warning,
          minmay_the_grid_triangle_9x9_semitri,
          minmay_the_grid_triangle_9x9_impossible_snake,
          minmay_the_grid_triangle_9x9_minimal,
          minmay_the_grid_triangle_9x9_prize_center], layout_rooms,
          doesnt_xom_only_xom, kennysheep_mini_moat, uniq_crazy_yiuf_cottage

Skill      XL: |  1  2  3  4  5  6  7  8 |
---------------+-------------------------+-----
Axes           | 2 3 5 6 8 9 |  9.3
Invocations    | 2 5 6 |  6.9
Fighting       | |  3.0
Armour         | |  2.6
Shields        | |  2.6

Action                     |  1- 3 |  4- 6 |  7- 9 || total
---------------------------+-------+-------+-------++-------
  Melee: War axe           |   149 |    93 |   178 ||   420
  Throw: Dart              |       |     1 |       ||     1
 Invoke: Draw Destruction  |       |     1 |     1 ||     2
  Evoke: Wand              |       |       |     6 ||     6
    Use: Potion            |       |     6 |     3 ||     9
 Armour: Scale mail        |    60 |    29 |    92 ||   181
         Skin              |       |     9 |    14 ||    23
  Dodge: Dodged            |    59 |    20 |    73 ||   152
  Block: Buckler           |    63 |    33 |    65 ||   161

Table legend: (Time is in decaauts)
 A = Elapsed time spent in this place.
 B = Non-inter-level travel time spent in this place.
 C = Inter-level travel time spent in this place.
 D = Time resting spent in this place.
 E = Time spent auto-exploring this place.
 F = Levels seen in this place.
 G = Mean time per level.
                   A        B        C        D        E       F      G
               +--------+--------+--------+--------+--------+-----+--------+
         Total |   6508 |   6240 |    268 |    219 |   4890 |   7 |  929.7 |
       Dungeon |   6508 |   6240 |    268 |    219 |   4890 |   7 |  929.7 |
               +--------+--------+--------+--------+--------+-----+--------+

Top non-repeatable levels by time:
     D:5: 1597 daAuts
     D:4: 1109 daAuts
     D:2: 1084 daAuts
     D:6: 887 daAuts
     D:1: 831 daAuts
     D:3: 679 daAuts
     D:7: 318 daAuts

Levels and vault maps discovered:
D:1:      spicycebolla_arrival_risky_transporter, layout_loops_cross,
          minivault_11
D:2:      layout_basic, shapermc_ecumenical_altar_mp_vishouse,
          minmay_hedge_maze, minmay_tromino_v4_b
D:3:      layout_rooms, minmay_misc_feat_ornament, uniq_grinder
D:4:      layout_gridville, overflow_temple_1_default, fedhas_ov_isle_minmay,
          dreamdust_wishing_well, nicolae_inconvenience_store
D:5:      layout_loops_corners, lemuel_tele_altar, temple_pool_b,
          guppyfry_shop_venom, uniq_ijyb, uniq_eustachio
D:6:      layout_loops_cross, grunt_ministairs_1
D:7:      minmay_the_grid_triangle_9x9_rhombus_full
          [minmay_the_grid_triangle_9x9_stretched_checkered,
          minmay_the_grid_triangle_9x9_descending_squares,
          minmay_the_grid_triangle_9x9_shrine,
          minmay_the_grid_triangle_9x9_warning,
          minmay_the_grid_triangle_9x9_semitri,
          minmay_the_grid_triangle_9x9_impossible_snake,
          minmay_the_grid_triangle_9x9_minimal,
          minmay_the_grid_triangle_9x9_prize_center], layout_rooms,
          doesnt_xom_only_xom, kennysheep_mini_moat, uniq_crazy_yiuf_cottage
